Unix NetHack Version 3.7.0-71 Work-in-progress - last build Jan 31 2023 02:41:03 (7ba98a1283f2b7cec35fde026edb48fc825ab8ae,branch:master). Game began 2023-02-06 22:28:17, ended 2023-02-07 15:10:54. Gandelf, neutral male human Monk ------ |....| |.....##### |.(<.| # ##1###### -.---- # ################## # #----*--------% ## #|C..%......C|# ## # #|.....C.....|# ###############|...----- ..|# # |...|.{.| |# |..C|{@{| # |.....@.| ###############[########## |...----- --------%-- |... |......%..| |C... |.........| ------ |(........| ..........| ----------- Gandelf the Initiate St:16 Dx:13 Co:13 In:14 Wi:13 Ch:9 Neutral S:7670 Dlvl:9 $:688 HP:48(51) Pw:51(51) AC:10 Xp:8/1638 T:8677 Weak Burdened Latest messages: You hit the dingo! The dingo bites! The dingo bites! You kill the dingo! Your knapsack cannot accommodate any more items. There is an open door here. You see here a scroll of identify. You hit the lizard! The lizard bites! You hit the lizard! The lizard misses! You hit the lizard! You are beginning to feel weak. You kill the lizard! What do you want to drop? [$a-zA-Z or ?*] B You drop a cursed unlabeled scroll. You have a little trouble lifting B - a scroll of identify. What do you want to dip? [a-zA-Z or ?*] B What do you want to dip a scroll of identify into? [cfpqFOX or ?*] ? Your scroll of identify glows with a light blue aura. What do you want to read? [dmor-tv-xzBHJPQSTYZ or ?*] ? As you read the scroll, it disappears. V - a wand of slow monster (0:4). G - 3 uncursed worthless pieces of red glass. What do you want to drop? [$a-zAC-Z or ?*] G You drop 3 uncursed worthless pieces of red glass. You drop an uncursed worthless piece of black glass. You drop an uncursed worthless piece of green glass. You have a little trouble lifting B - a cursed unlabeled scroll. You see here a lizard corpse. You see here a statue of a plains centaur. "Hello, Gandelf, welcome to Delphi!" What do you want to dip? [a-zABDFH-Z or ?*] ? Dip 5 blessed scrolls of destroy armor into the fountain? [yn] (n) y Your scrolls of destroy armor fade. Far below you, you see coins glistening in the water. The fountain dries up! What do you want to use or apply? [adjkuHKMQ-TV or ?*] ? What do you want to write on? [stB or ?*] ? What type of scroll do you want to write? enchant armor C - a blessed scroll of enchant armor. What do you want to take off? [bAN or ?*] N You finish taking off your gloves. What do you want to take off? [bA or ?*] A You finish taking off your shoes. What do you want to read? [dmor-tv-xzBCHJPQSTYZ or ?*] ? As you read the scroll, it disappears. Your robe violently glows silver for a while, then evaporates. Really quit? [yn] (n) y Do you want your possessions identified? [ynq] (y) q Inventory: Coins $ - 688 gold pieces Weapons D - 8 +0 arrows (in quiver) I - a +0 bow Armor N - a blessed +5 pair of leather gloves A - an uncursed +0 pair of iron shoes Comestibles g - 6 uncursed apples n - an uncursed clove of garlic l - an uncursed food ration i - 3 uncursed fortune cookies h - 5 uncursed oranges W - an uncursed tripe ration Scrolls t - 4 blessed scrolls of blank paper s - an uncursed scroll of blank paper B - a cursed scroll of blank paper P - 2 blessed scrolls of confuse monster o - 2 uncursed scrolls of confuse monster z - an uncursed scroll of earth w - 7 uncursed scrolls of enchant weapon v - an uncursed scroll of light m - an uncursed scroll of magic mapping Y - an uncursed scroll of punishment Z - an uncursed scroll of remove curse r - 2 uncursed scrolls of taming J - a blessed scroll of teleportation x - a cursed scroll of teleportation Spellbooks T - an uncursed novel named Making Money S - a blessed spellbook of cause fear H - an uncursed spellbook of detect monsters Q - an uncursed spellbook of detect treasure d - an uncursed spellbook of knock Potions O - an uncursed potion of hallucination c - an uncursed potion of healing X - an uncursed potion of object detection f - a cursed potion of object detection q - an uncursed potion of restore ability F - 6 potions of holy water p - an uncursed potion of water Rings e - an uncursed ring of poison resistance Wands u - a wand of death (0:5) V - a wand of slow monster (0:4) K - a wand of striking (0:5) Tools k - an uncursed lock pick M - an uncursed lock pick j - a magic marker (0:20) a - an uncursed magic whistle R - an uncursed mirror Gems/Stones U - 2 uncursed worthless pieces of orange glass y - an uncursed worthless piece of violet glass L - 2 uncursed worthless pieces of yellow glass Gandelf the Monk's attributes: Background: You were an Initiate, a level 8 male human Monk. You were neutral, on a mission for Chih Sung-tzu who was opposed by Shan Lai Ching (lawful) and Huan Ti (chaotic). You were in the Dungeons of Doom, on level 9. You entered the dungeon 8677 turns ago. There was a full moon in effect when your adventure ended. You had 1638 experience points, 922 more were needed to attain level 9. Your score was 7670 before end-of-game adjustments. Basics: You had 48 out of 51 hit points. You had all 51 energy points (spell power). Your armor class was 10. Your wallet contained 688 zorkmids. Autopickup was on for '$?!+/=' plus thrown. Final Characteristics: Your strength was 16 (base:17, limit:18/100). Your dexterity was 13 (limit:18). Your constitution was 13 (limit:18). Your intelligence was 14 (limit:18). Your wisdom was 13 (peak:14, limit:18). Your charisma was 9 (limit:18). Final Status: You were weak from severe hunger. You were burdened; movement was slightly slowed. You were bare handed. You had basic skill with martial arts and could have enhanced that. You were not wearing any armor. Final Attributes: You were piously aligned. You were sleep resistant. You were poison resistant. You saw invisible. You were telepathic. You were warned. You were stealthy. You were fast. You were lucky. You survived. Miscellaneous: You never encountered a bones level. Total elapsed playing time was 1 hour, 11 minutes and 33 seconds. Major events: Turn 1: Gandelf the neutral male human Monk entered the dungeon 820: attained the rank of Novice (level 3) 1036: entered the Gnomish Mines 2094: attained the rank of Initiate (level 6) 8677: quit Vanquished creatures: 2 large mimics 2 small mimics a gelatinous cube a tengu 3 wolves a leprechaun a black light an orc mummy an owlbear a lizard a dingo 2 blue jellies a dust vortex a raven a human zombie 2 Woodland-elves a soldier ant an imp a water nymph a mountain nymph 3 Mordor orcs 3 rock piercers a rock mole a pony a fog cloud a shrieker 5 gnome leaders a kobold mummy an elf zombie a little dog 6 floating eyes 3 dwarves 2 homunculi 2 hill orcs 3 rothes a giant bat 4 orc zombies a dwarf zombie 3 iguanas 4 killer bees 3 acid blobs 3 gas spores 2 hobbits 5 manes a hobgoblin 2 giant rats 2 yellow molds a green mold 11 gnomes a garter snake 7 geckos 10 jackals a fox 6 kobolds 4 goblins 3 sewer rats 13 grid bugs 2 bats 12 lichens a kobold zombie 7 newts 170 creatures vanquished. No species were genocided or became extinct. Voluntary challenges: You read items or engraved 24 times. You never engraved Elbereth. You never genocided any monsters. You never polymorphed an object. You never changed form. You used no wishes. Achievements: You attained the rank of Novice. You entered the Gnomish Mines. You entered a shop. You attained the rank of Initiate. The Dungeons of Doom: levels 1 to 9 Level 1: An altar to Chih Sung-tzu. Level 2: A scroll shop. Stairs down to The Gnomish Mines. Level 3: A general store. Level 4: Level 5: An armor shop, a fountain. Level 6: A delicatessen. Level 7: A fountain, a grave. Level 8: A sink. Level 9: <- You were here. Many fountains. Oracle of Delphi. The Gnomish Mines: levels 3 to 4 Level 3: Level 4: Goodbye Gandelf the Monk... You quit in The Dungeons of Doom on dungeon level 9 with 7670 points, and 688 pieces of gold, after 8677 moves. You were level 8 with a maximum of 51 hit points when you quit.